 Dungeon Crawl Stone Soup version 0.25-a0-667-gb977e01 (webtiles) character file.

Game seed: 7553594794642380490, levelgen mode: deterministic

47 Letos the Poker (level 3, -3/28 HPs)
             Began as a Merfolk Skald on Mar 28, 2020.
             Slain by a worker ant (7 damage)
             ... on level 2 of the Dungeon.
             The game lasted 00:02:47 (1654 turns).

Letos the Poker (Merfolk Skald)                     Turns: 1654, Time: 00:02:48

Health: -3/28      AC:  3    Str: 12    XL:     3   Next: 70%
Magic:  5/6        EV: 12    Int: 12    God:
Gold:   76         SH:  0    Dex: 13    Spells: 5/6 levels left

rFire    . . .     SeeInvis .   a - +0 spear
rCold    . . .     Gourm    .   (no shield)
rNeg     + . .     Faith    .   b - +0 leather armour
rPois    .         Spirit   .   (no helmet)
rElec    .         Reflect  .   (no cloak)
rCorr    .         Harm     .   (no gloves)
MR       .....                  (no boots)
Stlth    +.........             (no amulet)
HPRegen  0.09/turn              n - ring of positive energy
MPRegen  0.10/turn              (no ring)

@: lethally poisoned (-3 -> -12), infused
A: change form in water, swift swim, stealthy swim
a: no special abilities


You were on level 2 of the Dungeon.
You were not hungry.

You visited 1 branch of the dungeon, and saw 2 of its levels.

You collected 76 gold pieces.

Inventory:

Hand Weapons
 a - a +0 spear (weapon)
Missiles
 l - 15 poisoned darts (quivered)
Armour
 b - a +0 leather armour (worn)
 g - a +0 ring mail
Jewellery
 n - a ring of positive energy (left hand)
Scrolls
 c - 3 scrolls of identify {unknown}
 h - a scroll of blinking {unknown}
 i - a scroll of noise {unknown}
 j - 2 scrolls of teleportation {unknown}
 o - 2 scrolls of immolation {unknown}
 p - a scroll of fog {unknown}
Potions
 e - a potion of mutation {unknown}
 f - a potion of resistance {unknown}
 k - a potion of lignification {unknown}
 m - 2 potions of brilliance {unknown}
 q - 2 potions of haste {unknown}
 r - a potion of curing {unknown}
Comestibles
 d - a chunk of flesh


   Skills:
 + Level 2.7 Fighting
 * Level 4.3 Polearms
 - Level 0.6 Armour
 - Level 2.6 Dodging
 - Level 2.0 Spellcasting
 * Level 4.0 Charms


You had 5 spell levels left.
You knew the following spells:

 Your Spells              Type           Power        Failure   Level  Hunger
a - Infusion              Chrm           ##..         6%          1    ##.....

Your spell library contained the following spells:

 Spells                   Type           Power        Failure   Level  Hunger
 Song of Slaying          Chrm           ##......     10%         2    ###....
 Shroud of Golubria       Chrm/Tloc      #.....       22%         2    ###....
 Ozocubu's Armour         Chrm/Ice       #.......     41%         3    ####...
 Spectral Weapon          Hex/Chrm       #.......     41%         3    ####...


Dungeon Overview and Level Annotations

Branches:
Dungeon (2/15)

Altars:
Kikubaaqudgha
Yredelemnul


Message History

You feel sick. The worker ant barely misses you.
You barely miss the worker ant.
The worker ant is moderately wounded.
The worker ant bites you.
You are too injured to fight recklessly!
You are too injured to fight recklessly!
You are too injured to fight recklessly!
You are too injured to fight recklessly!
You are too injured to fight recklessly!
You are too injured to fight recklessly!
Casting: Infusion (safe; 6% risk of failure)
Confirm with . or Enter, or press ? or * to list all spells.
You begin infusing your attacks with magical energy.
You feel sick. The worker ant bites you.
* * * LOW HITPOINT WARNING * * *
You hit the worker ant but do no damage.
The worker ant is moderately wounded.
* * * LOW HITPOINT WARNING * * *
You feel sick. The worker ant bites you!
You die...

#........# ... ###
#.##.###.#### ..
#.##........##.#
#.######.##.#..####.#
#.# #.##.#.#.....
#.######.##.._..#
#........####.###
########## #..# ##@#
#a# #.# ..# ..# #...
.... #...


You could see a worker ant.

Vanquished Creatures
  An adder (D:2)
  A worm (D:2)
  A dart slug (D:1)
  A leopard gecko (D:2)
  2 bats
  A giant cockroach (D:1)
  8 goblins
  4 hobgoblins (D:1)
  4 frilled lizards (D:1)
  3 kobolds
  A leopard gecko skeleton (D:2)
  4 rats
31 creatures vanquished.

Notes
Turn   | Place    | Note
-------+----------+-------------------------------------------
     0 | D:1      | Letos the Merfolk Skald began the quest for the Orb.
     0 | D:1      | Reached XP level 1. HP: 16/16 MP: 3/3
   245 | D:1      | Reached XP level 2. HP: 23/23 MP: 5/5
   818 | D:1      | Reached XP level 3. HP: 28/28 MP: 6/6
  1584 | D:2      | Found an ancient bone altar of Kikubaaqudgha.
  1639 | D:2      | Found a basalt altar of Yredelemnul.
  1654 | D:2      | Slain by a worker ant

Levels and vault maps discovered:
D:1:      kennysheep_arrival_forest, layout_rooms,
          hangedman_decor_clover_reticule
D:2:      layout_loops_corners, nicolae_overflow_crystal_walls,
          lemuel_crystal_altar, lemuel_crystal_altar,
          gammafunk_temple_overflow_forgotten, first_ration,
          kennysheep_generic_room_11, uniq_crazy_yiuf_cottage

Skill      XL: |  1  2  3 |
---------------+----------+-----
Polearms       | 4 |  4.3
Charms         | 4 |  4.0
Fighting       | |  2.7
Armour         | |  0.6
Dodging        | |  2.6
Spellcasting   | |  2.0

Action                   || total
-------------------------++-------
Melee: Spear             ||   134
 Cast: Infusion          ||     3
 Stab: Sleeping          ||     2
  Eat: Ration            ||     1
Armor: Leather armour    ||    11
Dodge: Dodged            ||    49

Table legend:
 A = Non-vault XP
 B = Vault XP
 C = Vault XP percentage of total XP
 D = Non-vault monster count
 E = Vault monster count
 F = Vault count percentage of total count
                 A         B        C        D         E       F
            +---------+---------+-------+---------+---------+-------
      Total |      51 |      17 |  25.0 |      29 |       2 |   6.5
            +---------+---------+-------+---------+---------+-------
        D:1 |      35 |       0 |   0.0 |      21 |       0 |   0.0
        D:2 |      16 |      17 |  51.5 |       8 |       2 |  20.0
            +---------+---------+-------+---------+---------+-------
